 Dungeon Crawl Stone Soup version 0.30-a0-311-gf115ab0292 (webtiles) character file.

Game seed: 13811852550558326206

53 freelancePsychic the Trooper (level 3, -4/33 HPs)
             Began as an Armataur Monk on Oct 25, 2022.
             Succumbed to a goblin's poison
             ... on level 3 of the Dungeon.
             The game lasted 00:02:03 (1229 turns).

freelancePsychic the Trooper (Armataur Monk)        Turns: 1229, Time: 00:02:04

Health: -4/33      AC:  6    Str: 24    XL:     3   Next: 64%
Magic:  3/3        EV:  9    Int: 10    God:
Gold:   41         SH:  0    Dex: 12    Spells: 2/2 levels left

rFire   . . .      SeeInvis .    a - +0 mace
rCold   . . .      Faith    .    (no shield)
rNeg    . . .      Spirit   .    f - +0 ring mail
rPois   .          Reflect  .    (no helmet)
rElec   .          Harm     .    d - +0 cloak
rCorr   .          Roll     +    (no gloves)
Will    .....                    (no barding)
Stlth   +.........               (no amulet)
HPRegen 0.25/turn                l - +6 ring of strength
MPRegen 0.08/turn                (no ring)

@: lethally poisoned (-4 -> -21)
A: large, rugged brown scales 3, deformed body, armoured tail, roll, long
tongue, awkward tongue
a: no special abilities


You were on level 3 of the Dungeon.
You visited 1 branch of the dungeon, and saw 3 of its levels.

You collected 41 gold pieces.

Inventory:

Hand Weapons
 a - a +0 mace (weapon)
Armour
 b - a +0 robe
 d - a +0 cloak (worn)
 f - a +0 ring mail (worn)
Jewellery
 l - a +6 ring of strength (left hand)
Scrolls
 g - a scroll of enchant armour
Potions
 e - a potion of degeneration {unknown}
 i - a potion of heal wounds {unknown}


   Skills:
 + Level 3.5 Fighting
 + Level 3.5 Maces & Flails
 - Level 2.1 Dodging
 - Level 2.1 Stealth


You had 2 spell levels left.
You didn't know any spells.
Your spell library was empty.

Dungeon Overview and Level Annotations

Branches:
Dungeon (3/15)

Altars:

Annotations:
D:2 Sigmund


Innate Abilities, Weirdness & Mutations

You are completely covered in rugged brown scales. (AC +3, +7% HP)
Armour fits poorly on your strangely shaped body.
You have a long armoured tail.
You roll when moving toward enemies. (Rampage)
Your long tongue fully drains potion bottles. (2x potion effects)
Your tongue gives you trouble enunciating. (1.5x scroll delay)


Message History

The goblin attacks as you move away!
The goblin hits you with a +0 dagger of venom.
You feel very sick. The goblin attacks as you move away!
The goblin barely misses you.
You feel very sick. The goblin attacks as you move away!
The goblin hits you with a +0 dagger of venom.
You feel less invigorated.
You feel less confused.
You feel very sick. The hobgoblin hits you.
The goblin attacks as you move away! The goblin hits you but does no damage.
You are more poisoned.
The hobgoblin attacks as you move away!
The hobgoblin hits you but does no damage.
You feel very sick. The goblin attacks as you move away!
The goblin closely misses you. The hobgoblin attacks as you move away!
The hobgoblin hits you but does no damage.
You feel very sick. The goblin attacks as you move away!
The goblin closely misses you.
You feel very sick. The goblin attacks as you move away!
The goblin hits you with a +0 dagger of venom.
You are lethally poisoned!
* * * LOW HITPOINT WARNING * * *
You feel very sick.
You barely miss the goblin.
Your tail-slap misses the goblin.
* * * LOW HITPOINT WARNING * * *
You feel very sick. The hobgoblin misses you.
The goblin attacks as you move away! The goblin hits you but does no damage.
* * * LOW HITPOINT WARNING * * *
You feel sick. The hobgoblin hits you.
* * * LOW HITPOINT WARNING * * *
The goblin hits you but does no damage.
You are more poisoned.
You hit the goblin. You tail-slap the goblin.
You kill the goblin!
You die...

#...#.....#.....
#.##...#.[......
###.#......†......
##.................
..........##.#.....
.$.#..#............
........†.##.##....
........g.# ..# ...
........g@# #.# ..
.........)# .. .
..........#.#.#
.......<.......
#.......##..#.#
#.#.###.)...# ..#.
###...... # ......
#....


You could see a hobgoblin and a goblin.

Vanquished Creatures
  Jessica (D:2)
  3 dart slugs
  A bat (D:1)
  A giant cockroach (D:1)
  4 goblins
  A hobgoblin (D:1)
  A jackal (D:1)
  2 kobolds (D:1)
  6 ball pythons
  4 frilled lizards
  A rat (D:3)
25 creatures vanquished.

Notes
Turn   | Place    | Note
-------+----------+-------------------------------------------
     0 | D:1      | freelancePsychic the Armataur Monk began the quest for the
                  | Orb.
     0 | D:1      | Reached XP level 1. HP: 19/19 MP: 1/1
   148 | D:1      | Reached XP level 2. HP: 27/27 MP: 2/2
   821 | D:1      | Upgraded the game from 0.30-a0-310-g7d6cbdfea6 to
                  | 0.30-a0-311-gf115ab0292
   921 | D:2      | Noticed Jessica
   934 | D:2      | Killed Jessica
   935 | D:2      | Reached XP level 3. HP: 28/33 MP: 3/3
  1092 | D:2      | Noticed Sigmund
  1228 | D:3      | HP: 1/33 [hobgoblin (2)]
  1229 | D:3      | Succumbed to a goblin's poison

Illustrated notes

Levels and vault maps discovered:
D:1:      minmay_arrival_five_plusses, layout_basic
D:2:      layout_basic, chequers_big_river, kennysheep_pointless_box,
          minmay_pentomino_x4, uniq_jessica, uniq_sigmund
D:3:      layout_rooms, chequers_temple_overflow_minitemple, serial_shops, shop,
          uniq_grinder

Skill      XL: |  1 |
---------------+----+-----
Fighting       | 3 |  3.5
Maces & Flails | 3 |  3.5
Dodging        | |  2.1
Stealth        | |  2.1

Action                   || total
-------------------------++-------
Melee: Mace              ||    66
       Tailslap          ||     9
  Use: Scroll            ||     5
       Potion            ||     1
 Stab: Sleeping          ||     3
Armor: Robe              ||     1
       Ring mail         ||    27
Dodge: Dodged            ||    41

Table legend: (Time is in decaauts)
 A = Elapsed time spent in this place.
 B = Non-inter-level travel time spent in this place.
 C = Inter-level travel time spent in this place.
 D = Time resting spent in this place.
 E = Time spent auto-exploring this place.
 F = Levels seen in this place.
 G = Mean time per level.
                   A        B        C        D        E       F      G
               +--------+--------+--------+--------+--------+-----+--------+
         Total |   1247 |   1121 |    126 |      0 |    898 |   3 |  415.7 |
       Dungeon |   1247 |   1121 |    126 |      0 |    898 |   3 |  415.7 |
               +--------+--------+--------+--------+--------+-----+--------+

Top non-repeatable levels by time:
     D:1: 943 daAuts
     D:2: 257 daAuts
     D:3: 46 daAuts
